 Dungeon Crawl Stone Soup version 0.29.0-13-gc9e81de378 (webtiles) character file.

Game seed: 9928660728857129166

32 Artool the Cudgeller (level 3, 6/28 HPs)
             Began as a Demonspawn Gladiator on Sept 7, 2022.
             Quit the game on level 2 of the Dungeon.
             The game lasted 00:01:19 (994 turns).

Artool the Cudgeller (Demonspawn Gladiator)          Turns: 994, Time: 00:01:20

Health: 6/28       AC:  6    Str: 16    XL:     3   Next: 8%
Magic:  3/3        EV: 12    Int:  9    God:
Gold:   46         SH:  0    Dex: 14    Spells: 2/2 levels left

rFire   . . .      SeeInvis .   a - +0 flail
rCold   . . .      Faith    .   (no shield)
rNeg    . . .      Spirit   .   b - +0 leather armour
rPois   .          Reflect  .   c - +0 helmet
rElec   .          Harm     .   (no cloak)
rCorr   .          Rampage  .   (no gloves)
Will    .....                   (no boots)
Stlth   +.........              (no amulet)
HPRegen 0.09/turn               (no ring)
MPRegen 0.08/turn               (no ring)

@: no status effects
A: hooves 1, icy blue scales 1
a: no special abilities


You were on level 2 of the Dungeon.
You visited 1 branch of the dungeon, and saw 2 of its levels.

You collected 46 gold pieces.

Inventory:

Hand Weapons
 a - a +0 flail (weapon)
Missiles
 d - 3 throwing nets (quivered)
 e - a javelin
Armour
 b - a +0 leather armour (worn)
 c - a +0 helmet (worn)
Scrolls
 f - a scroll of vulnerability {unknown}
 g - a scroll of immolation {unknown}
 h - 4 scrolls of fog {unknown}
 i - a scroll of identify {unknown}


   Skills:
 + Level 2.4 Fighting
 + Level 3.0 Maces & Flails
 - Level 2.0 Throwing
 + Level 0.9 Armour
 + Level 3.0 Dodging


You had 2 spell levels left.
You didn't know any spells.
Your spell library contained the following spells:

 Spells                   Type           Power      Damage    Failure   Level
 Conjure Flame            Conj/Fire      0%         6-21      83%         3
 Ignite Poison            Fire/Tmut/Pois 0%         N/A       83%         3
 Sticky Flame             Conj/Fire      0%         2d3       99%         4


Dungeon Overview and Level Annotations

Branches:
Dungeon (2/15)

Altars:

Shops:
D:2 [


Innate Abilities, Weirdness & Mutations

You have large cloven feet.
You are partially covered in icy blue scales. (AC +2)


Message History

The hobgoblin is severely wounded.
The goblin misses you. The hobgoblin closely misses you.
The endoplasm freezes you.
You are frozen.
You closely miss the hobgoblin.
The hobgoblin is severely wounded.
The goblin barely misses you. The endoplasm freezes you.
You are frozen.
The hobgoblin closely misses you.
You sock the hobgoblin!
You kill the hobgoblin!
The goblin closely misses you. The endoplasm barely misses you.
You have reached level 3!
Your experience leads to an increase in your attributes!
Increase (S)trength, (I)ntelligence, or (D)exterity?
You feel stronger. x2; Your demonic ancestry asserts itself...
Your feet thicken and deform.
You sock the goblin!
You kill the goblin!
The endoplasm freezes you.
You are frozen.
The endoplasm closely misses you.
You are too injured to fight recklessly!
You are too injured to fight recklessly!
You are too injured to fight recklessly!
You are too injured to fight recklessly!
You are too injured to fight recklessly!
You are too injured to fight recklessly!
You are too injured to fight recklessly!
You completely miss the endoplasm. You kick the endoplasm.
The endoplasm is moderately wounded.
The endoplasm freezes you.
You are frozen.
You hit the endoplasm.
The endoplasm is almost dead.
The endoplasm freezes you.
You are frozen.
* * * LOW HITPOINT WARNING * * *
You hit the endoplasm.
You kill the endoplasm!
Are you sure you want to abandon this character and quit the game? (Confirm with "yes".)

##..∩....# .
#......... ..
#......... #.
#......... #..
#†........ .#...
##.........
......#.).......#
.......<.......##
.......†@#####.#
........## #
.........
#........
..........
#.........
#..........
.......


There were no monsters in sight!

Vanquished Creatures
  A dart slug (D:1)
  2 bats (D:1)
  2 endoplasms (D:2)
  A giant cockroach (D:1)
  A goblin (D:2)
  5 hobgoblins
  4 quokkas (D:1)
  3 ball pythons
  4 frilled lizards (D:1)
  3 kobolds (D:1)
  2 rats (D:1)
28 creatures vanquished.

Notes
Turn   | Place    | Note
-------+----------+-------------------------------------------
     0 | D:1      | Artool the Demonspawn Gladiator began the quest for the
                  | Orb.
     0 | D:1      | Reached XP level 1. HP: 16/16 MP: 1/1
   169 | D:1      | Gained mutation: You are partially covered in icy blue
                  | scales. (AC +2) [demonic ancestry]
   169 | D:1      | Reached XP level 2. HP: 17/22 MP: 2/2
   974 | D:2      | Found Goanyif's Armour Shop.
   989 | D:2      | Gained mutation: You have large cloven feet. [demonic
                  | ancestry]
   989 | D:2      | Reached XP level 3. HP: 15/28 MP: 3/3
   994 | D:2      | Quit the game

Illustrated notes

Levels and vault maps discovered:
D:1:      saegor_arrival_under_anarchy, layout_basic
D:2:      layout_rooms, serial_shops, shop, nrook_mini_backslash

Skill      XL: |  1  2 |
---------------+-------+-----
Throwing       | 2 |  2.0
Maces & Flails | 3 |  3.0
Dodging        | 3 |  3.0
Fighting       | |  2.4
Armour         | |  0.9

Action                   || total
-------------------------++-------
Melee: Flail             ||    83
       Kick              ||     1
 Stab: Sleeping          ||     1
Armor: Leather armour    ||    40
Dodge: Dodged            ||    90
